 Dungeon Crawl Stone Soup version 0.18.1-5-g4a78601 (webtiles) character file.

867 Zhenya25pyc the Cudgeler (level 8, 0/51 HPs)
             Began as a Gargoyle Fighter on May 14, 2016.
             Killed by nerve-wracking pain
             ... invoked by a shadow imp
              (5 damage)
             ... on level 6 of the Dungeon.
             The game lasted 00:06:08 (4107 turns).

Zhenya25pyc the Cudgeler (Gargoyle Fighter)         Turns: 4107, Time: 00:06:09

Health: 0/51       AC: 15    Str: 23    XL:     8   Next: 3%
Magic:  8/8        EV:  7    Int:  8    God:
Gold:   211        SH:  9    Dex:  9    Spells: 0 memorised, 7 levels left

rFire  . . .     SeeInvis .     a - +0 flail
rCold  . . .     Gourm    .     b - +0 scale mail
rNeg   + . .     Faith    .     c - +0 shield
rPois  ∞         Spirit   .     (no helmet)
rElec  +         Dismiss  .     v - +0 cloak
rCorr  .         Reflect  .     (no gloves)
SustAt .         Harm     .     u - +0 pair of boots
MR     .....                    (no amulet)
Stlth  ..........               (no ring)
                                l - ring of loudness (curse)

@: not resistant to hostile enchantments, extremely unstealthy
A: negative energy resistance 1, electricity resistance, unbreathing,
petrification resistance, rot immunity, AC +5
a: no special abilities


You were on level 6 of the Dungeon.
You were not hungry.

You visited 2 branches of the dungeon, and saw 7 of its levels.

You collected 211 gold pieces.

Inventory:

Hand Weapons
 a - a +0 flail (weapon)
Armour
 b - a +0 scale mail (worn)
 c - a +0 shield (worn)
 u - a +0 pair of boots (worn)
 v - a +0 cloak (worn)
Jewellery
 l - a cursed ring of loudness (left hand)
 B - a +6 ring of dexterity {unknown}
Scrolls
 e - 2 scrolls of amnesia {unknown}
 h - 3 scrolls of identify {unknown}
 i - 2 scrolls of remove curse {unknown}
 j - a scroll of recharging {unknown}
 o - a scroll of enchant weapon {unknown}
 q - 2 scrolls of teleportation {unknown}
 r - 2 scrolls of random uselessness {unknown}
 x - 2 scrolls of enchant armour {unknown}
 y - a scroll of fog {unknown}
Potions
 d - a potion of might
 k - a potion of haste {unknown}
 m - 3 potions of degeneration {unknown}
 n - 2 potions of invisibility {unknown}
 w - a potion of heal wounds {unknown}
 z - 3 potions of flight {unknown}
 A - 3 potions of curing
Comestibles
 f - 3 bread rations
 g - a beef jerky
 p - a royal jelly
 s - a meat ration
 t - a slice of pizza
 C - 5 chunks of flesh


   Skills:
 + Level 6.1 Fighting
 * Level 6.4 Maces & Flails
 + Level 5.6 Armour
 - Level 3.2 Shields


You had 7 spell levels left.
You didn't know any spells.

Dungeon Overview and Level Annotations

Branches:
Dungeon (6/15)             Temple (1/1) D:6

Altars:
Ashenzari
Dithmenos
Elyvilon
Fedhas
Kikubaaqudgha
Nemelex Xobeh
Pakellas
Vehumet
Yredelemnul
Zin
The Shining One


Innate Abilities, Weirdness & Mutations

You are resistant to torment.
Your stone body is resilient (AC +5).
You are immune to poison.
You resist negative energy.
You are resistant to electric shocks.
You can survive without breathing.
You are immune to petrification.
You are immune to rotting.


Message History

* * * LOW HITPOINT WARNING * * *
The worker ant bites you.
* * * LOW HITPOINT WARNING * * *
The shadow imp lashes its tail.
The shadow imp hits you.
* * * LOW HITPOINT WARNING * * *
You hit the worker ant.
The worker ant is moderately wounded.
You block the worker ant's attack.
The shadow imp hits you but does no damage.
Unknown command.
You hit the worker ant.
The worker ant is heavily wounded.
You block the worker ant's attack.
The shadow imp hits you but does no damage.
You sock the worker ant!
You kill the worker ant!
The shadow imp gestures at you. Pain shoots through your body!
You die...

....#.......#.#+##.#
####..#..........#.#..
...#....#...##....?...
##.#.######(#........
#.#.#...##.#........
#.###.#.##.#.....#
#.....#.##.......# .
########.#.......†##....
....#.##.##.....@5?..#
....#....##......###.#
..#.#.#####...##.#
.##.#....##...##.#
....###.......##._
.###..........####.
..............# $.
#..#<.........# ..
...#...........


You could see a shadow imp.

Vanquished Creatures
  Eustachio (D:4)
  An ogre (D:5)
  A giant frog (D:5)
  A wyvern zombie (D:6)
  An orc priest (D:6)
  3 giant frog skeletons
  4 orc wizards
  Terence (D:2)
  An iguana (D:5)
  Natasha (D:3)
  3 worker ants
  A killer bee zombie (D:5)
  A hound skeleton (D:4)
  A howler monkey skeleton (D:4)
  2 adders
  2 oozes
  An adder zombie (D:5)
  3 worms
  3 dart slugs
  2 giant geckos
  15 orcs
  A giant cockroach (D:1)
  2 goblins
  5 hobgoblins
  2 jackals (D:4)
  2 quokkas (D:2)
  6 bats
  A giant gecko skeleton (D:4)
  2 giant newts
  6 kobolds
  6 rats
82 creatures vanquished.

Notes
Turn   | Place    | Note
--------------------------------------------------------------
     0 | D:1      | Zhenya25pyc the Gargoyle Fighter began the quest for the Orb.
     0 | D:1      | Reached XP level 1. HP: 14/14 MP: 1/1
   262 | D:1      | Reached XP level 2. HP: 12/19 MP: 2/2
   602 | D:2      | Noticed Terence
   604 | D:2      | Found a shattered altar of Ashenzari.
   620 | D:2      | Killed Terence
   620 | D:2      | Reached XP level 3. HP: 14/24 MP: 3/3
  1126 | D:2      | Reached XP level 4. HP: 29/29 MP: 4/4
  1141 | D:2      | Found a shadowy altar of Dithmenos.
  1278 | D:2      | Found an ancient bone altar of Kikubaaqudgha.
  1423 | D:3      | Found a basalt altar of Yredelemnul.
  1481 | D:3      | Noticed Natasha
  1485 | D:3      | Killed Natasha
  1548 | D:3      | Reached XP level 5. HP: 13/34 MP: 5/5
  2496 | D:4      | Noticed Eustachio
  2552 | D:4      | Killed Eustachio
  2552 | D:4      | Reached skill level 5 in Fighting
  2552 | D:4      | Reached XP level 6. HP: 32/40 MP: 6/6
  2714 | D:4      | Reached skill level 5 in Maces & Flails
  2862 | D:5      | Entered Level 5 of the Dungeon
  3175 | D:5      | Reached skill level 5 in Armour
  3175 | D:5      | Reached XP level 7. HP: 39/44 MP: 7/7
  3879 | D:6      | Found a staircase to the Ecumenical Temple.
  3892 | Temple   | Entered the Ecumenical Temple
  4090 | D:6      | Found an oddly glowing altar of Pakellas.
  4102 | D:6      | Reached XP level 8. HP: 28/51 MP: 8/8
  4107 | D:6      | Killed from afar by a shadow imp

Skill      XL: |  1  2  3  4  5  6  7 |
---------------+----------------------+-----
Fighting       | 4 5 6 |  6.1
Maces & Flails | 3 4 5 6 |  6.4
Armour         | 4 5 |  5.6
Shields        | |  3.2

Action                   |  1- 3 |  4- 6 |  7- 9 || total
-------------------------+-------+-------+-------++-------
Melee: Flail             |   106 |   291 |    79 ||   476
  Eat: Chunk             |       |     8 |     3 ||    11
Armor: Scale mail        |    52 |   229 |    45 ||   326
Dodge: Dodged            |    28 |   101 |    21 ||   150
Block: Shield            |    47 |   192 |    42 ||   281
